AoeStats
← harooooo

Arabia

507744536Analyzed
1v1 RM · 13d ago on Sep 19, 2026· 18m 47s· 2 players
Game mode
Random Map
Map size
Tiny (2 player)
Population
200
Speed
Normal
Resources
Standard
Victory
Conquest
Starting age
Dark Age
Ending age
Imperial Age
RankedLock teamsTeams togetherTeam positionsShared explorationLock speedFull tech treeHidden civsTurbo modeCheats
Victory
Defeat
🇬🇧 Persians · United Kingdom
1822
+21
🇧🇦 Spanish · Bosnia & Herzegovina
1932
-21
matt_993
7:40 Loom
10:03 Feudal Age
10:31 Double-Bit Axe
21:01 Castle Age
harooooo
6:25 Loom
8:39 Feudal Age
10:35 Double-Bit Axe
10:46 Loom
11:19 Double-Bit Axe
14:20 Horse Collar
Connection lost

Rejoining the realm…

Still unreachable

The connection could not be restored.

Session expired

The server has moved on; the page needs a fresh start.